 Dungeon Crawl Stone Soup version 0.19-a0-1895-g783e625 (webtiles) character file.

18715 kae the Carver (level 12, -6/100 HPs)
             Began as a Formicid Fighter on Oct 18, 2016.
             Was a High Priest of Okawaru.
             Mangled by a reaper
             ... wielding a +2 scythe of freezing
              (7 damage)
             ... in an ice cave.
             The game lasted 00:17:40 (14607 turns).

kae the Carver (Formicid Fighter)                  Turns: 14607, Time: 00:17:41

Health: -6/100     AC: 13    Str: 25    XL:     12   Next: 98%
Magic:  19/19      EV:  8    Int:  9    God:    Okawaru [*****.]
Gold:   750        SH:  0    Dex: 10    Spells: 0 memorised, 11 levels left

rFire  . . .     SeeInvis +     v - +2 long sword (freeze)
rCold  + . .     Gourm    .     n - +1 chain mail {rN+}
rNeg   + . .     Faith    .     C - +5 shield "Esusem" {rPois}
rPois  +         Spirit   .     (helmet unavailable)
rElec  .         Reflect  +     u - +1 cloak
rCorr  .         Harm     .     (no gloves)
MR     +....                    G - +0 pair of boots
Stlth  ..........               E - +3 amulet of reflection
                                z - ring of teleportation (curse)
                                w - ring of protection from cold

@: confused
A: permanent stasis, dig shafts and tunnels, four strong arms, antennae 3
a: Dig, Shaft Self, Heroism, Finesse, Renounce Religion


You were in an ice cave.
You worshipped Okawaru.
Okawaru was extremely pleased with you.
You were not hungry.

You visited 2 branches of the dungeon, and saw 14 of its levels.
You also visited: Ice Cave.

You collected 750 gold pieces.

Inventory:

Hand Weapons
 a - a +0 long sword
 v - a +2 long sword of freezing (weapon)
 O - a +2 triple sword of freezing
 P - a +0 great sword of freezing
Armour
 n - a +1 chain mail of positive energy (worn)
 u - a +1 cloak (worn)
 C - the +5 shield "Esusem" (worn) {rPois}
   (You found it on level 8 of the Dungeon)

   It protects you from poison.
 G - a +0 pair of boots (worn)
 N - the +3 shadow dragon scales of Curiosity {rElec rCorr Str-4 Int+4 Stlth++++}
   (Okawaru gifted it to you on level 11 of the Dungeon)

   It affects your strength (-4).
   It affects your intelligence (+4).
   It insulates you from electricity.
   It protects you from acid and corrosion.
   It makes you much more stealthy.
 R - the +0 chain mail "Ececol" {rElec Str-5 Int+3 Dex+5, unknown}
   (You found it on level 12 of the Dungeon)

   It affects your strength (-5).
   It affects your intelligence (+3).
   It affects your dexterity (+5).
   It insulates you from electricity.
Jewellery
 w - a ring of protection from cold (left hand)
 z - a cursed ring of teleportation (right hand)
 E - a +3 amulet of reflection (around neck)
 Q - an uncursed ring of fire
Wands
 c - a wand of disintegration (18/24)
 i - a wand of random effects (33/48)
 j - a wand of polymorph (1/24)
 r - a wand of digging (16/24)
 y - a wand of disintegration (17/24)
 D - a wand of iceblast (4/15)
 J - a wand of disintegration (7/24)
Scrolls
 e - 3 scrolls of amnesia
 g - 2 scrolls of magic mapping
 h - a scroll of identify
 m - 2 scrolls of fear
 o - a scroll of noise
 x - 2 scrolls of recharging
 M - 2 scrolls of enchant weapon
Potions
 b - a potion of mutation
 d - 2 potions of might
 p - a potion of magic
 q - 3 potions of brilliance
 t - 3 potions of curing
 A - a potion of flight
 B - a potion of lignification
 F - a potion of resistance
 H - a potion of berserk rage
 K - 2 potions of cancellation
 L - a potion of cure mutation
Books
 I - a book of Changes

   Spells                             Type                      Level
   a - Beastly Appendage              Transmutation                1
   b - Sticks to Snakes               Transmutation                2
   c - Spider Form                    Transmutation/Poison         3
   d - Ice Form                       Ice/Transmutation            4
   e - Blade Hands                    Transmutation                5
Comestibles
 f - 16 bread rations
 k - 2 slices of pizza
 l - 2 meat rations


   Skills:
 + Level 11.2 Fighting
 * Level 13.9 Long Blades
 - Level 3.2 Armour
 - Level 9.0 Shields
 + Level 10.1 Invocations


You had 11 spell levels left.
You didn't know any spells.

Dungeon Overview and Level Annotations

Branches:
Dungeon (13/15)            Temple (0/1) D:5            Lair (0/6) D:11
    Orc (1/2) D:9
 Vaults: D:13-14

Altars:
Cheibriados
Elyvilon
Fedhas
Hepliaklqana
Kikubaaqudgha
Makhleb
Nemelex Xobeh
Okawaru
Qazlal
Trog
Vehumet
Xom
Zin


Innate Abilities, Weirdness & Mutations

You are under a permanent stasis effect.
You can dig through walls and to a lower floor.
Your four strong arms can wield two-handed weapons with a shield.
You have a pair of large antennae on your head. (SInv)


Message History

The reaper is lightly wounded.
The reaper hits you with a scythe of freezing!!!
The reaper freezes you!
The ice devil hits you but does no damage.
The reaper hits you from afar with a scythe of freezing!!
* * * LOW HITPOINT WARNING * * *
The reaper freezes you.
* * * LOW HITPOINT WARNING * * *
Okay, then.
Press: ? - help, v - describe, . - travel
Here: a reaper, wielding a scythe of freezing (lightly wounded)
The floor, spattered with blood.
You are confused.
You feel invigorated.
You're too confused to move!
The ice devil hits you but does no damage.
The reaper hits you from afar with a scythe of freezing!!
* * * LOW HITPOINT WARNING * * *
The reaper freezes you!
You die...

##§§.§§§§#### ###.#.
###§§§§§§§.§..# ####
###..§.§§§§.##§§§ #
##......####..##§§§
#
##..............§§#
{
##.......##.....≈###
{ #
#.......##......##
{{ ##
#...........#...{.
#.
##.....###.@#.{###
#.
###..#....4#....##
## ####....2#......
## ###......##. ##.
###.....# #..
###.### #..
#.[.........).# ##.
#...##/:$##...# ##
## ##### ## #


You could see a reaper and an ice devil.

Vanquished Creatures
  A satyr (shapeshifter) (D:13)
  A centaur warrior (D:11)
  Urug (D:13)
  Nergalle (D:9)
  An unseen horror (D:13)
  3 hill giants
  An orc knight (D:9)
  An ugly thing (D:11)
  A manticore (D:11)
  2 ice statues (IceCv)
  5 ice devils (IceCv)
  A troll (D:12)
  Prince Ribbit (D:8)
  2 hippogriffs (D:9)
  A spriggan (D:13)
  A wraith (D:12)
  10 yaks
  2 shadows (D:13)
  Eustachio (D:4)
  A wyvern (D:13)
  A steam dragon (D:9)
  A hungry ghost (D:13)
  4 vampire mosquitoes (D:13)
  A warg (D:9)
  Menkaure (D:7)
  A soldier ant (D:13)
  2 water moccasins
  4 ice beasts
  4 orc warriors (D:9)
  4 sky beasts
  A tengu (shapeshifter) (D:13)
  3 phantoms (D:8)
  5 centaurs
  2 ogres
  A necrophage (D:6)
  2 crocodiles
  2 big kobolds
  Blork the orc (D:5)
  5 bullfrogs
  A wyvern zombie (D:10)
  A wyvern skeleton (D:7)
  4 scorpions
  4 killer bees (D:11)
  4 wights
  4 howler monkeys
  6 crimson imps
  A centaur zombie (D:7)
  4 jellies
  4 quasits
  6 orc priests
  Crazy Yiuf (D:3)
  2 hounds
  A bullfrog skeleton (D:6)
  2 centaur skeletons
  3 iguanas
  Natasha (thrice) (D:4)
  10 orc wizards
  4 worker ants
  A hound skeleton (D:9)
  A mummy (D:5)
  Robin (D:3)
  A worker ant zombie (D:10)
  23 adders
  8 gnolls
  4 shadow imps
  11 white imps (IceCv)
  5 ufetubi (IceCv)
  4 oozes
  An adder zombie (D:5)
  6 worms
  A dart slug (D:2)
  3 leopard geckos
  42 orcs
  8 giant cockroaches
  18 goblins
  6 hobgoblins
  14 jackals
  11 quokkas
  A ball python (D:3)
  12 bats
  6 frilled lizards
  13 kobolds
  A leopard gecko skeleton (D:4)
  12 rats
362 creatures vanquished.

Vanquished Creatures (others)
  A centaur warrior (D:13)
  A cyclops (D:11)
  A centaur (D:9)
  3 white imps (IceCv)
  An orc (D:9)
  A plant (D:11)
8 creatures vanquished.

Grand Total: 370 creatures vanquished

Notes
Turn   | Place    | Note
-------+----------+-------------------------------------------
     0 | D:1      | kae the Formicid Fighter began the quest for the Orb.
     0 | D:1      | Reached XP level 1. HP: 18/18 MP: 1/1
   198 | D:1      | Reached XP level 2. HP: 21/24 MP: 2/2
   572 | D:1      | Reached XP level 3. HP: 27/30 MP: 3/3
   846 | D:2      | Found a shimmering altar of Xom.
  1072 | D:2      | Reached skill level 3 in Long Blades
  1072 | D:2      | Reached XP level 4. HP: 27/37 MP: 4/4
  1321 | D:2      | Found a faded altar of an unknown god.
  1678 | D:2      | Reached XP level 5. HP: 18/43 MP: 5/5
  1996 | D:3      | Found an ancient bone altar of Kikubaaqudgha.
  2013 | D:3      | Noticed Robin
  2063 | D:3      | Killed Robin
  2174 | D:3      | Reached skill level 4 in Long Blades
  2174 | D:3      | Reached XP level 6. HP: 21/49 MP: 6/6
  2180 | D:3      | Reached skill level 5 in Shields
  2459 | D:3      | Found a runed door.
  2609 | D:3      | Found a bloodstained altar of Trog.
  3228 | D:3      | Noticed Crazy Yiuf
  3235 | D:3      | Killed Crazy Yiuf
  3235 | D:3      | Reached skill level 5 in Fighting
  3409 | D:4      | Noticed an ice beast
  3442 | D:3      | Killed an ice beast
  3442 | D:3      | Reached skill level 5 in Long Blades
  3442 | D:3      | Reached XP level 7. HP: 18/56 MP: 7/7
  3927 | D:4      | Noticed Eustachio
  3950 | D:4      | Killed Eustachio
  4103 | D:4      | Reached XP level 8. HP: 61/64 MP: 8/8
  4120 | D:4      | Reached skill level 6 in Long Blades
  5076 | D:4      | Noticed Natasha
  5080 | D:4      | Killed Natasha
  5193 | D:4      | Noticed Natasha
  5298 | D:4      | Killed Natasha
  5465 | D:4      | Noticed Natasha
  5471 | D:4      | Killed Natasha
  5521 | D:5      | Entered Level 5 of the Dungeon
  5521 | D:5      | Found an iron altar of Okawaru.
  5521 | D:5      | Found a staircase to the Ecumenical Temple.
  5582 | D:5      | Became a worshipper of Warmaster Okawaru
  5586 | D:5      | Found a white marble altar of Elyvilon.
  5592 | D:5      | Reached skill level 7 in Long Blades
  5790 | D:5      | Noticed Blork the orc
  5811 | D:5      | Killed Blork the orc
  6045 | D:5      | Reached XP level 9. HP: 71/71 MP: 9/9
  6120 | D:5      | Found a snail-covered altar of Cheibriados.
  6776 | D:6      | Reached skill level 1 in Invocations
  6989 | D:6      | Found a radiant altar of Vehumet.
  7087 | D:6      | Reached * piety under Okawaru
  7087 | D:6      | Reached skill level 8 in Long Blades
  7410 | D:7      | Found a stormy altar of Qazlal.
  7696 | D:7      | Noticed Menkaure
  7953 | D:7      | Killed Menkaure
  8446 | D:8      | Reached ** piety under Okawaru
  8493 | D:8      | Reached skill level 9 in Long Blades
  8512 | D:8      | Reached XP level 10. HP: 79/79 MP: 12/12
  8765 | D:8      | Got an ichor-stained shield
  8776 | D:8      | Identified the +5 shield "Esusem" {rPois} (You found it on level 8 of the Dungeon)
  8918 | D:8      | Found a hazy altar of Hepliaklqana.
  8918 | D:8      | Found a faded altar of an unknown god.
  8924 | D:8      | Found a faded altar of an unknown god.
  8933 | D:8      | Found a faded altar of an unknown god.
  8952 | D:8      | Found a faded altar of an unknown god.
  9004 | D:8      | Noticed Prince Ribbit
  9023 | D:8      | Killed Prince Ribbit
  9023 | D:8      | Reached skill level 5 in Invocations
  9136 | D:8      | Reached *** piety under Okawaru
  9260 | D:9      | Reached skill level 10 in Long Blades
  9342 | D:9      | Found a sparkling altar of Nemelex Xobeh.
  9588 | D:9      | Found a staircase to the Orcish Mines.
 10064 | D:9      | Found a glowing silver altar of Zin.
 10064 | D:9      | Found a burning altar of Makhleb.
 10065 | D:9      | Noticed a cacodemon
 10065 | D:9      | Noticed an angel
 10143 | Orc:1    | Entered Level 1 of the Orcish Mines
 10152 | Orc:1    | Noticed Nergalle
 10152 | Orc:1    | Noticed an orc knight
 10379 | D:9      | Reached XP level 11. HP: 86/87 MP: 13/15
 10400 | D:9      | Killed Nergalle
 10400 | D:9      | Reached **** piety under Okawaru
 10400 | D:9      | Reached skill level 11 in Long Blades
 10409 | D:9      | Killed an orc knight
 10606 | D:9      | You fall through a shaft for 2 floors!
 10775 | D:11     | Noticed a hill giant
 10787 | D:11     | Killed a hill giant
 10848 | D:11     | Reached ***** piety under Okawaru
 10880 | D:11     | Noticed a manticore
 10899 | D:11     | Killed a manticore
 10905 | D:11     | Noticed a cyclops
 10909 | D:11     | Killed a cyclops
 11009 | D:11     | Found a staircase to the Lair.
 11011 | D:11     | Noticed a cyan ugly thing
 11019 | D:11     | Reached skill level 12 in Long Blades
 11050 | D:11     | Killed a cyan ugly thing
 11050 | D:11     | Received a gift from Okawaru
 11293 | D:11     | Found a blossoming altar of Fedhas.
 11389 | D:11     | Noticed a centaur warrior
 11397 | D:11     | Killed a centaur warrior
 11424 | D:11     | Reached skill level 10 in Fighting
 11478 | D:11     | Noticed a hill giant
 11491 | D:11     | Killed a hill giant
 11497 | D:11     | Received a gift from Okawaru
 11616 | D:11     | Got faintly glowing shadow dragon scales {god gift}
 11767 | D:11     | Reached XP level 12. HP: 92/97 MP: 18/18
 11898 | D:10     | Entered Level 10 of the Dungeon
 11949 | D:10     | Identified the +3 shadow dragon scales of Curiosity {rElec rCorr Str-4 Int+4 Stlth++++} (Okawaru gifted it to you on level 11 of the Dungeon)
 11990 | D:10     | Noticed an unseen horror
 12010 | D:10     | HP: 1/97 [komodo dragon (10)]
 12011 | D:10     | You fall through a shaft for 3 floors!
 12011 | D:13     | Noticed an unseen horror
 12036 | D:13     | Killed an unseen horror
 12405 | D:13     | Noticed a centaur warrior
 12420 | D:13     | Killed a centaur warrior
 12452 | D:13     | Reached skill level 13 in Long Blades
 12531 | D:13     | Noticed Urug
 12546 | D:13     | Killed Urug
 12579 | D:13     | Noticed an anaconda
 12585 | D:13     | Noticed a satyr
 12585 | D:13     | an anaconda changed into a satyr
 12592 | D:13     | Killed a satyr
 13480 | D:12     | Found a frozen archway.
 13506 | D:12     | Got a warped chain mail
 13563 | IceCv    | Entered an ice cave
 13800 | IceCv    | Reached skill level 10 in Invocations
 14594 | IceCv    | Noticed a reaper
 14607 | IceCv    | HP: 1/100 [reaper/scythe of freezing (29)]
 14607 | IceCv    | Mangled by a reaper

Vault maps used:
D:1:      tarquinn_simple_flora_water_a
D:2:      xom_butterflies, ecumenical_altar_2
D:3:      old_standard_altar, overflow_temple_1_default, first_bread,
          solitary_fountain, uniq_crazy_yiuf_cottage, uniq_robin
D:4:      uniq_eustachio, uniq_natasha
D:5:      lemuel_ice_spiral_2, overflow_temple_1_default, lemuel_round_altar,
          slow_altar_2, hex_large, uniq_blork_the_orc
D:6:      lemuel_round_altar
D:7:      grunt_qazlal_sundering, uniq_menkaure
D:8:      kennysheep_ambush_hall, chequers_temple_overflow_minitemple,
          uniq_prince_ribbit1
D:9:      grunt_temple_overflow_order_and_chaos_2, kennysheep_mini, david_orc_2
D:10:     serial_shops, kennysheep_little_box, serial_corexii_hall,
          corexii_hall_statues_x, corexii_hall_statues_s,
          corexii_hall_statues_l, uniq_josephine
D:11:     dpeg_oklobed_lair, basic_altar
D:12:     portal_ice_cave_entry_pillars_2
D:13:     serial_glass, glass_columns_a, glass_columns_a, the_bakery,
          minmay_misc_feat_cross, uniq_urug
Orc:1:    basic_altar, serial_shops, uniq_nergalle
IceCv:    ice_cave_small_demon

Skill      XL: |  1  2  3  4  5  6  7  8  9 10 11 12 |
---------------+-------------------------------------+-----
Shields        | 4 5 6 7 8 9 |  9.0
Fighting       | 4 5 6 7 8 10 11 | 11.2
Long Blades    | 3 4 5 7 9 10 12 13 | 13.9
Invocations    | 3 6 8 10 | 10.1
Armour         | |  3.2

Action                   |  1- 3 |  4- 6 |  7- 9 | 10-12 || total
-------------------------+-------+-------+-------+-------++-------
Melee: Long sword        |   120 |   252 |   409 |   821 ||  1602
       Unarmed           |       |       |    40 |       ||    40
Invok: Heroism           |       |       |       |     4 ||     4
       Finesse           |       |       |       |     1 ||     1
 Abil: Dig               |       |     2 |    11 |     7 ||    20
       Shaft Self        |       |       |       |     2 ||     2
Evoke: Wand              |       |       |     1 |       ||     1
  Use: Potion            |       |     5 |     3 |     4 ||    12
       Scroll            |       |       |    13 |     8 ||    21
  Eat: Chunk             |     1 |     8 |    13 |    15 ||    37
       Meat ration       |       |       |     1 |     1 ||     2
       Royal jelly       |       |       |       |     2 ||     2
Armor: Scale mail        |    72 |   122 |   113 |     6 ||   313
       Chain mail        |       |       |       |   159 ||   159
Dodge: Dodged            |    58 |   103 |   135 |   115 ||   411
Block: Shield            |    92 |   124 |   245 |   606 ||  1067
       Reflection        |       |       |       |    31 ||    31
       Rpst.: Long sword |    20 |    26 |    34 |    34 ||   114
